 Dungeon Crawl Stone Soup version 0.20.1-1-g8b1a95d (webtiles) character file.

41 Internecine the Vexing (level 3, 0/33 HPs)
             Began as an Ogre Arcane Marksman on Oct 3, 2017.
             Slain by an adder (2 damage)
             ... on level 2 of the Dungeon.
             The game lasted 00:10:13 (1066 turns).

Internecine the Vexing (Ogre Arcane Marksman)       Turns: 1066, Time: 00:10:13

Health: 0/33       AC:  3    Str: 14    XL:     3   Next: 52%
Magic:  4/4        EV: 10    Int: 14    God:
Gold:   23         SH:  0    Dex: 10    Spells: 1/4 levels left

rFire    . . .     SeeInvis .   a - +0 hand crossbow
rCold    + . .     Gourm    .   (no shield)
rNeg     . . .     Faith    .   e - +0 robe
rPois    .         Spirit   .   (helmet restricted)
rElec    .         Reflect  .   (no cloak)
rCorr    .         Harm     .   (gloves unavailable)
MR       .....                  (boots unavailable)
Stlth    +.........             s - amulet of inaccuracy (curse)
Regen    0.2/turn               m - ring of protection from cold
MPRegen  0.1/turn               (no ring)

@: lethally poisoned (0 -> -10)
A: unfitting armour, tough skin 1
a: no special abilities


You were on level 2 of the Dungeon.
You were not hungry.

You visited 1 branch of the dungeon, and saw 2 of its levels.

You collected 23 gold pieces.

Inventory:

Hand Weapons
 a - a +0 hand crossbow (weapon)
 q - a +0 hunting sling
 t - a +0 hand axe
Missiles
 d - 12 bolts (quivered)
 g - 30 stones
Armour
 e - a +0 robe (worn)
Jewellery
 j - an uncursed amulet of magic regeneration
 m - a ring of protection from cold (left hand)
 s - a cursed amulet of inaccuracy (around neck)
Scrolls
 h - a scroll of fear {unknown}
 i - a scroll of teleportation {unknown}
 k - a scroll of magic mapping {unknown}
 l - 2 scrolls of random uselessness {unknown}
 n - a scroll of identify {unknown}
 o - a scroll of noise {unknown}
 r - a scroll of amnesia {unknown}
Potions
 p - a potion of brilliance {unknown}
Books
 c - a book of Debilitation

   Spells                             Type                      Level
   a - Corona                         Hexes                        1
   b - Slow                           Hexes                        2
   c - Inner Flame                    Hexes/Fire                   3
   d - Portal Projectile              Hexes/Translocation          3
   e - Cause Fear                     Hexes                        4
   f - Leda's Liquefaction            Hexes/Earth                  4
Comestibles
 b - 6 chunks of flesh
 f - a bread ration


   Skills:
 + Level 1.5 Fighting
 + Level 2.1 Crossbows
 + Level 2.2 Dodging
 + Level 1.2 Spellcasting
 + Level 3.1 Hexes


You had one spell level left.
You knew the following spells:

 Your Spells              Type           Power        Failure   Level  Hunger
a - Corona                Hex            #......      7%          1    ##.....
b - Slow                  Hex            #.......     11%         2    ###....


Dungeon Overview and Level Annotations

Branches:
Dungeon (2/15)

Altars:


Innate Abilities, Weirdness & Mutations

You are too large for most types of armour.
You have tough skin. (AC +1)


Message History

You are more poisoned.
The adder poisons you! The adder bites you.
You are lethally poisoned!
The adder poisons you!
Firing (i - inventory. (,) - cycle):
d - 14 bolts (quivered)
Press: ? - help, Shift-Dir - straight line, f/p - adder
Aim: an adder (severely wounded)
You shoot a bolt. The bolt misses the adder.
* * * LOW HITPOINT WARNING * * *
You feel sick. The adder bites you.
* * * LOW HITPOINT WARNING * * *
The adder bites you.
* * * LOW HITPOINT WARNING * * *
Firing (i - inventory. (,) - cycle):
d - 13 bolts (quivered)
Press: ? - help, Shift-Dir - straight line, f/p - adder
Aim: an adder (severely wounded)
You shoot a bolt. The bolt completely misses the adder.
* * * LOW HITPOINT WARNING * * *
You feel sick. The adder barely misses you. The adder bites you.
You die...

###...#...............
##...#............#####
#......#..........#
...###...[......## $.
#..#####[...# .
#.###....#### ...####.#
#.#### !.......###.#
.......@....#
.......S##### .......(.
..#....##. . ####. .#
.. . ##. .# ## .


You could see an adder.

Vanquished Creatures
  An adder (D:2)
  A leopard gecko (D:2)
  A giant cockroach (D:1)
  4 goblins
  A hobgoblin (D:1)
  7 bats
  3 frilled lizards (D:2)
  2 kobolds (D:1)
  16 rats (D:1)
36 creatures vanquished.

Notes
Turn   | Place    | Note
-------+----------+-------------------------------------------
     0 | D:1      | Internecine the Ogre Arcane Marksman began the quest for the Orb.
     0 | D:1      | Reached XP level 1. HP: 19/19 MP: 2/2
    42 | D:1      | Reached XP level 2. HP: 27/27 MP: 3/3
   152 | D:1      | Reached skill level 3 in Hexes
   846 | D:2      | Reached XP level 3. HP: 33/33 MP: 4/4
   880 | D:2      | Learned a level 2 spell: Slow
  1066 | D:2      | Slain by an adder

Skill      XL: |  1  2 |
---------------+-------+-----
Dodging        | 2 |  2.2
Hexes          | 3 |  3.1
Crossbows      | 2 |  2.1
Fighting       | |  1.5
Spellcasting   | |  1.2

Action                   || total
-------------------------++-------
 Fire: Hand crossbow     ||    83
Armor: Robe              ||    24
Dodge: Dodged            ||    21
